 Dungeon Crawl Stone Soup version 0.30-a0-852-g08b95dd62f (webtiles) character file.

Game seed: 16421667184269081022

198126 juan097 the Earth Mage (level 18, -6/100 HPs)
             Began as a Gargoyle Earth Elementalist on Mar 4, 2023.
             Was the Champion of Hepliaklqana.
             Killed from afar by a merfolk aquamancer (16 damage)
             ... with a shard of ice
             ... on level 4 of the Shoals on Mar 5, 2023.
             The game lasted 02:23:45 (35929 turns).

juan097 the Earth Mage (GrEE)                      Turns: 35929, Time: 02:23:46

Health: -6/100     AC: 35    Str: 12    XL:     18   Next: 43%
Magic:  20/41      EV: 12    Int: 24    God:    Hepliaklqana [******]
Gold:   1539       SH:  0    Dex: 10    Spells: 11/37 levels left

rFire   + . .      SeeInvis .    a - staff of conjuration
rCold   . . .      Faith    .    (no shield)
rNeg    + . .      Spirit   .    D - +4 ring mail {rF+}
rPois   ∞          Reflect  .    y - +1 helmet
rElec   +          Rampage  .    H - +1 cloak
rCorr   .                        B - +2 pair of gloves
Will    ++...                    J - +1 pair of boots
Stlth   ++++                     U - amulet of magic regeneration
HPRegen 0.36/turn                i - ring of willpower
MPRegen 0.67/turn                x - ring of magical power {=R}

@: flying
A: reduced essence, sickness immunity, AC +13, big wings, negative energy
resistance 1, electricity resistance, torment resistance 1, petrification
resistance
}: 1/15 runes: gossamer
a: Renounce Religion, Recall Ancestor, Ancestor Identity, Transference, Idealise


You were on level 4 of the Shoals.
You worshipped Hepliaklqana.
Hepliaklqana was exalted by your worship.
You visited 5 branches of the dungeon, and saw 30 of its levels.
You also visited: Ice Cave.

You collected 2683 gold pieces.
You spent 1144 gold pieces at shops.

Inventory:

Hand Weapons
 b - the +9 staff of Wucad Mu {*channel}
   (You found it on level 5 of the Lair of Beasts)

   *Channel:  It occasionally powers its wielder's spells, but with a chance of
   causing confusion or draining the wielder's intelligence.
   It becomes more likely to activate and less likely to backfire with increased
   Evocations skill.
 u - a +2 dagger of venom
Missiles
 K - 10 throwing nets
 L - a curare-tipped dart
 N - 5 poisoned darts
Armour
 y - a +1 helmet (worn)
 B - a +2 pair of gloves (worn)
 D - a +4 ring mail of fire resistance (worn)
 H - a +1 cloak (worn)
 J - a +1 pair of boots (worn)
Magical Staves
 a - a staff of conjuration (weapon)
Jewellery
 i - a ring of willpower (left hand)
 l - a +5 ring of evasion
 s - a ring of protection from cold
 x - a ring of magical power (right hand) {=R}
 E - a ring of see invisible
 P - a ring of resist corrosion
 U - an amulet of magic regeneration (around neck)
Wands
 m - a wand of iceblast (5)
 n - a wand of digging (4)
 G - a wand of light (4)
 S - a wand of flame (18)
Scrolls
 c - 3 scrolls of poison
 e - 13 scrolls of teleportation
 f - 3 scrolls of fear
 o - 4 scrolls of enchant armour
 z - 5 scrolls of enchant weapon
 A - 5 scrolls of fog
 C - 6 scrolls of blinking
 F - a scroll of silence
 I - a scroll of vulnerability
 O - 3 scrolls of magic mapping
 Q - a scroll of butterflies
 R - 2 scrolls of brand weapon
 V - 3 scrolls of torment
 X - a scroll of acquirement
 Y - a scroll of amnesia
Potions
 d - 7 potions of lignification
 g - 5 potions of ambrosia
 k - 8 potions of haste
 p - 11 potions of curing
 q - 5 potions of heal wounds
 t - 3 potions of brilliance
 v - 2 potions of invisibility
 w - a potion of cancellation
 M - 2 potions of magic
 Z - 5 potions of resistance
Miscellaneous
 h - a phantom mirror
 r - a tin of tremorstones (2/2)
 T - a condenser vane (inert)
 W - a phial of floods


   Skills:
 - Level 12.0 Fighting
 - Level 6.0 Short Blades
 - Level 2.0 Maces & Flails
 - Level 6.0 Throwing
 - Level 10.0 Armour
 - Level 6.0 Dodging
 - Level 11.0 Stealth
 - Level 10.0 Spellcasting
 * Level 13.4 Conjurations
 - Level 7.0 Transmutations
 - Level 3.0 Air Magic
 * Level 15.4 Earth Magic
 - Level 5.0 Poison Magic
 - Level 12.0 Invocations
 - Level 8.0 Evocations


You had 11 spell levels left.
You knew the following spells:

 Your Spells              Type           Power      Damage    Failure   Level
a - Sandblast             Erth           100%       2d20      1%          1
b - Stone Arrow           Conj/Erth      100%       3d13      1%          3
c - Passwall              Tmut/Erth      50%        N/A       1%          2
d - Petrify               Tmut/Erth      60%        N/A       1%          4
e - Wereblood             Tmut           45%        N/A       1%          2
f - Mephitic Cloud        Conj/Pois/Air  62%        N/A       1%          3
g - Iron Shot             Conj/Erth      44%        9d9       4%          6
h - Yara's Violent Unrav  Hex/Tmut       14%        3d7       54%         5

Your spell library contained the following spells:

 Spells                   Type           Power      Damage    Failure   Level
 Beastly Appendage        Tmut           90%        N/A       1%          1
 Magic Dart               Conj           100%       1d8       1%          1
 Hailstorm                Conj/Ice       60%        3d13      1%          3
 Spider Form              Tmut/Pois      40%        N/A       2%          3
 Animate Armour           Summ/Erth      98%        N/A       4%          4
 Flame Wave               Conj/Fire      60%        2d14      6%          4
 Necrotise                Necr           48%        1d6       10%         1
 Summon Small Mammal      Summ           48%        N/A       10%         1
 Lightning Bolt           Conj/Air       33%        1d51      10%         5
 Call Imp                 Summ           12%        N/A       16%         2
 Scorch                   Fire           24%        2d6       16%         2
 Blade Hands              Tmut           22%        N/A       16%         5
 Ice Form                 Ice/Tmut       28%        N/A       24%         4
 Airstrike                Air            13%        2d(2-18)  28%         4
 Call Canine Familiar     Summ           12%        N/A       30%         3
 Frozen Ramparts          Ice            24%        1d4       30%         3
 Ozocubu's Armour         Ice            12%        N/A       30%         3
 Portal Projectile        Hex/Tloc       24%        N/A       30%         3
 Summon Guardian Golem    Hex/Summ       12%        N/A       30%         3
 Tukima's Dance           Hex            12%        N/A       30%         3
 Vampiric Draining        Necr           12%        2d6       30%         3
 Summon Lightning Spire   Summ/Air       19%        N/A       47%         4
 Animate Dead             Necr           12%        N/A       69%         4
 Manifold Assault         Tloc           12%        N/A       69%         4
 Passage of Golubria      Tloc           12%        N/A       69%         4
 Summon Ice Beast         Ice/Summ       12%        N/A       69%         4
 Agony                    Necr           12%        N/A       95%         5
 Metabolic Englaciation   Hex/Ice        6%         N/A       95%         5
 Dispersal                Tloc           6%         N/A       100%        6
 Simulacrum               Ice/Necr       6%         N/A       100%        6
 Summon Cactus Giant      Summ           6%         N/A       100%        6
 Haunt                    Necr/Summ      6%         N/A       100%        7
 Malign Gateway           Summ/Tloc      6%         N/A       100%        7
 Summon Hydra             Summ           6%         N/A       100%        7
 Disjunction              Tloc           6%         N/A       100%        8
 Infestation              Necr           6%         N/A       100%        8
 Summon Horrible Things   Summ           6%         N/A       100%        8
 Sublimation of Blood     Necr           Unusable   N/A       N/A         2

Dungeon Overview and Level Annotations

Branches:
Dungeon (15/15)            Temple (0/1) D:7            Lair (5/5) D:8
 Shoals (4/4) Lair:2       Spider (4/4) Lair:2        Slime (0/5) Lair:4
    Orc (2/2) D:11            Elf (0/3) Orc:2        Vaults (0/5) D:14
 Depths (0/4) D:15          IceCv (visited)

Altars:
Ashenzari
Cheibriados
Elyvilon
Fedhas
Gozag
Hepliaklqana
Kikubaaqudgha
Nemelex Xobeh
Ru
Sif Muna
Trog
Wu Jian
Xom
Zin

Shops:
D:3 *   D:9 (   D:12 (   Orc:2 =(=*[   Shoals:1 *

Portals:
Trove: D:12 (show abyssal rune of Zot)

Annotations:
Lair:4 1 runed translucent door
Orc:1 2 transporters, Firecrotchwizard's ghost, journeyman DjFE


Innate Abilities, Weirdness & Mutations

Your life essence is reduced to manifest your ancestor. (-10% HP)
You are immune to sickness and miasma.
Your stone body is resilient. (AC +13)
You are immune to poison.
Your large and strong wings let you fly.
You resist negative energy. (rN+)
You are resistant to electric shocks. (rElec)
You are resistant to unholy torment.
You are immune to petrification.


Message History

You feel a surge of power!
The stone arrow misses the merfolk aquamancer.
The merfolk impaler is engulfed in noxious fumes.
The merfolk impaler hits Zulima with a +0 demon trident!
The merfolk aquamancer is engulfed in noxious fumes.
The merfolk aquamancer mumbles some strange words.
The merfolk aquamancer blinks!
Zulima hits the merfolk impaler with a +0 broad axe of flaming!!
Zulima burns the merfolk impaler.
The merfolk impaler is engulfed in noxious fumes.
The merfolk impaler hits the merfolk javelineer with a +0 demon trident!
Okay, then.
Casting: Stone Arrow (safe; 1% risk of failure)
Confirm with . or Enter, or press ? or * to list all spells.
Aiming: Stone Arrow (safe; 1% risk of failure)
Press: ? - help, Shift-Dir - straight line, f - merfolk impaler, p - merfolk aquamancer
Aim: a merfolk impaler, wielding a +0 demon trident and wearing a +0 robe (noxious fumes, almost dead, confused, ally target, 81% to hit)
You feel a surge of power! Zulima avoids your attack.
The stone arrow misses the merfolk impaler.
The merfolk aquamancer gestures wildly while chanting.
The merfolk aquamancer blinks!
The merfolk impaler is engulfed in noxious fumes.
Zulima barely misses the merfolk impaler.
The merfolk impaler is engulfed in noxious fumes.
Zulima blocks the merfolk impaler's attack.
A kraken comes into view.
The merfolk impaler seems less confused.
The merfolk impaler is engulfed in noxious fumes.
Zulima blocks the merfolk impaler's attack.
Tentacles burst out of the water! 3 tentacles come into view.
A tentacle comes into view.
Something hits Zulima!
The merfolk aquamancer casts a spell at you.
The torrent of water hits you!!
* * * LOW HITPOINT WARNING * * *
The wave splashes down.
The merfolk aquamancer casts a spell at you.
The shard of ice hits you!
You die...

.~..##≈≈≈≈≈##~.................~~
.....#######...................~.
...~~..~~~~.....................~
.~~~~..~~~......................~
..~..~~~~.......................~
.~~~.~~~~..........~..<....#<....
.~~~≈≈~~~..m.....)........<......
.~~~≈≈≈≈~~.....~.~~.........##...
.~~≈≈≈≈≈~~~.°.○~@~~~.......)###..
.~~≈≈≈≈≈~~~..☼°~.~######.........
~~≈≈≈≈≈≈≈~~~○.R.~#~~..~##.......^
~#######≈≈~~~".○#~#~~.. ##....~~~
## ##≈~~~~~#m#w~≈#.. #....~~~ #
##≈~~~~#mmmXmm≈. #~~.~~~~
#≈≈≈~k#~~mw##≈. #~~~~~~≈
#≈≈≈≈≈#~~#m# .. #~.~~~≈≈
#≈≈≈≈≈#~~~≈≈m #.~~~≈≈≈


You could see the friendly Zulima the knight, 3 merfolk aquamancers and a wind
drake (repels missiles).

Vanquished Creatures
  Nikola (Shoals:2)
  Arachne (Spider:3)
  2 emperor scorpions
  An orc warlord (Orc:2)
  Nessos (D:15)
  10 broodmothers
  5 entropy weavers
  A rakshasa (D:15)
  2 merfolk impalers (Shoals:1)
  A vault guard (D:14)
  3 merfolk avatars
  3 catoblepae
  2 jorogumos
  6 hydras
  4 radroaches
  3 centaur warriors
  7 boulder beetles
  5 two-headed ogres
  A death scarab (Spider:3)
  2 satyrs
  2 death yaks
  An orc high priest (Orc:2)
  5 skysharks
  A fire crab (Lair:4)
  A pharaoh ant (Spider:3)
  A sun moth (Spider:3)
  6 sea snakes
  4 orb spiders
  15 harpies
  An orc knight (Orc:1)
  Pikel (D:4)
  4 steelbarb worms
  13 wolf spiders
  A deep elf pyromancer (D:14)
  8 orc sorcerers
  10 ugly things
  6 fauns
  9 manticores
  5 cyclopes
  2 moths of wrath
  5 black mambas
  3 elephants (Lair:5)
  7 demonic crawlers
  5 torpor snails
  3 water nymphs
  3 ice statues (IceCv)
  4 komodo dragons
  17 cane toads
  2 rime drakes (Lair:4)
  3 tengu conjurers
  9 meliai (Spider:4)
  5 trolls
  A polar bear (Lair:4)
  2 hornets
  14 merfolk
  A tyrant leech (Lair:5)
  4 wind drakes (Shoals:4)
  18 tarantellas
  24 blink frogs
  4 dream sheep
  5 snapping turtles
  Grinder (D:6)
  8 culicivoras
  18 jumping spiders
  A shadow (D:10)
  8 slime creatures
  A water elemental (Shoals:2)
  A vampire (D:11)
  4 wyverns
  8 humans (D:14)
  4 wraiths
  A yak (shapeshifter) (D:15)
  4 basilisks
  49 yaks
  4 steam dragons
  2 death yak simulacra (IceCv)
  32 redbacks
  A warg (Orc:1)
  Menkaure (D:4)
  13 vampire mosquitoes
  9 water moccasins
  2 hydra simulacra (IceCv)
  3 acid dragons
  An ice beast (D:7)
  4 black bears
  A sky beast (D:8)
  24 orc warriors
  7 ogres
  10 wolves
  7 centaurs
  2 phantoms (D:7)
  6 kobold brigands
  12 bullfrogs
  2 gnoll sergeants
  7 scorpions
  2 wights (D:9)
  11 killer bees
  An elephant simulacrum (IceCv)
  2 electric eels (Lair:5)
  3 howler monkeys
  A hound (D:5)
  3 jellies
  16 orc priests
  2 gnoll boudas
  Crazy Yiuf (D:3)
  Terence (D:3)
  4 sleepcaps
  14 orc wizards
  4 iguanas
  19 gnolls
  5 adders
  2 shadow imps
  A white imp (D:8)
  An ufetubus (D:5)
  3 worms
  4 dart slugs
  57 orcs
  3 ball pythons
  8 endoplasms
  5 giant cockroaches
  6 goblins
  8 hobgoblins
  30 kobolds
  3 quokkas
  3 training dummies (D:9)
  3 frilled lizards
  3 rats
783 creatures vanquished.

Vanquished Creatures (collateral kills)
  An emperor scorpion (Spider:3)
  2 ghost moths
  A merfolk javelineer (Shoals:1)
  An entropy weaver (Spider:4)
  2 merfolk impalers
  A great orb of eyes (D:15)
  2 catoblepae
  A rakshasa (D:15)
  2 hydras (D:14)
  A jorogumo (Spider:4)
  A centaur warrior (D:12)
  A radroach (Spider:4)
  A boulder beetle (Spider:3)
  A death scarab (Spider:4)
  A death yak (Lair:3)
  2 skysharks
  2 pharaoh ants
  2 sea snakes (Shoals:1)
  2 orb spiders (Spider:4)
  A wizard (D:15)
  2 steelbarb worms
  10 harpies
  An orc knight (Orc:2)
  4 fauns
  3 wolf spiders
  3 ugly things
  2 cyclopes
  A manticore (Shoals:4)
  A water nymph (Shoals:4)
  2 demonic crawlers
  2 torpor snails
  3 cane toads (Lair:5)
  An unseen horror (D:10)
  An anaconda simulacrum (IceCv)
  A komodo dragon (Lair:5)
  4 trolls
  2 meliai (Spider:4)
  10 merfolk
  8 tarantellas
  3 snapping turtles
  2 dream sheep (Shoals:3)
  4 blink frogs
  3 jumping spiders (Spider:4)
  4 slime creatures
  A centaur simulacrum (D:14)
  2 culicivoras
  17 yaks
  A water elemental (Shoals:2)
  A vampire (D:14)
  3 humans (D:14)
  8 redbacks
  3 vampire mosquitoes
  A warg (Orc:2)
  3 water moccasins
  8 orc warriors
  An ice beast (D:7)
  2 wolves (Lair:2)
  An ogre (D:4)
  3 bullfrogs
  A scorpion (Lair:2)
  A cane toad simulacrum (IceCv)
  A wight (D:9)
  An elephant simulacrum (IceCv)
  2 killer bees (D:10)
  3 orc priests
  A gnoll bouda (Orc:2)
  An iguana (D:6)
  4 orc wizards
  5 gnolls
  An ufetubus (D:4)
  11 orcs
  A giant cockroach (Lair:2)
  9 kobolds
202 creatures vanquished.

Vanquished Creatures (others)
  A merfolk aquamancer (Shoals:4)
  2 unseen horrors (D:10)
  An orc warrior (D:9)
  2 kobold brigands (D:10)
  15 knights
  An orc wizard (D:10)
  2 ancestors
  38 fungi
  116 plants
  4 tentacles (Shoals:4)
182 creatures vanquished.

Grand Total: 1167 creatures vanquished

Notes
Turn   | Place    | Note
-------+----------+-------------------------------------------
     0 | D:1      | juan097 the Gargoyle Earth Elementalist began the quest for
                  | the Orb.
     0 | D:1      | Reached XP level 1. HP: 10/10 MP: 3/3
   292 | D:1      | Reached XP level 2. HP: 15/15 MP: 3/5
   293 | D:1      | Reached skill level 4 in Earth Magic
   704 | D:1      | Reached XP level 3. HP: 19/19 MP: 1/6
  1139 | D:2      | Found a faded altar of an unknown god.
  1170 | D:2      | Prayed at the altar of an unknown god.
  1170 | D:2      | Became a worshipper of Hepliaklqana the Forgotten
  1170 | D:2      | Reached * piety under Hepliaklqana
  1620 | D:2      | Reached skill level 5 in Earth Magic
  1620 | D:2      | Reached XP level 4. HP: 11/21 MP: 4/8
  1725 | D:3      | Reached XP level 5. HP: 25/25 MP: 7/10
  1801 | D:3      | Found Urinigh's Assorted Antiques.
  1807 | D:3      | Bought 2 bubbling coppery potions for 46 gold pieces
  1807 | D:3      | Bought a bubbling coppery potion for 23 gold pieces
  1807 | D:3      | Bought a scroll labelled IDOHEE YREOSK for 26 gold pieces
  1807 | D:3      | Bought a metallic yellow potion for 23 gold pieces
  1912 | D:3      | Noticed Terence
  1987 | D:3      | Found a shimmering blue altar of Sif Muna.
  2061 | D:3      | Learned a level 3 spell: Stone Arrow
  2064 | D:3      | Learned a level 2 spell: Passwall
  2069 | D:3      | Learned a level 4 spell: Petrify
  2191 | D:4      | Reached skill level 6 in Earth Magic
  2279 | D:4      | Noticed Menkaure
  2542 | D:3      | Found a runed translucent door.
  2543 | D:3      | Noticed Crazy Yiuf
  2658 | D:4      | Reached skill level 1 in Transmutations
  2753 | D:4      | Reached XP level 6. HP: 28/28 MP: 12/12
  2795 | D:4      | Reached ** piety under Hepliaklqana
  2796 | D:4      | Remembered your ancestor Zulima as a knight
  3034 | D:4      | Noticed a black bear
  3046 | D:4      | Killed a black bear
  3047 | D:4      | Reached skill level 1 in Conjurations
  3047 | D:4      | Reached skill level 1 in Evocations
  3072 | D:4      | Noticed Pikel
  3079 | D:4      | Killed Pikel
  3080 | D:4      | Reached skill level 5 in Spellcasting
  3080 | D:4      | Reached skill level 7 in Earth Magic
  3080 | D:4      | Reached XP level 7. HP: 32/32 MP: 9/14
  3225 | D:4      | Reached XP level 8. HP: 36/36 MP: 15/15
  3526 | D:4      | Reached skill level 8 in Earth Magic
  3618 | D:4      | Found the +6 shillelagh "Devastator" {shatter}
  3795 | D:4      | Killed Menkaure
  3974 | D:5      | Entered Level 5 of the Dungeon
  4206 | D:5      | Reached XP level 9. HP: 40/40 MP: 15/16
  4457 | D:3      | Killed Terence
  4535 | D:3      | Found a blossoming altar of Fedhas.
  4625 | D:3      | Killed Crazy Yiuf
  4992 | D:5      | Reached skill level 9 in Earth Magic
  5385 | D:5      | Reached skill level 5 in Conjurations
  5806 | D:6      | Reached skill level 5 in Stealth
  5862 | D:6      | Reached skill level 10 in Earth Magic
  5869 | D:6      | Reached skill level 1 in Fighting
  5869 | D:6      | Reached skill level 1 in Maces & Flails
  5869 | D:6      | Reached skill level 1 in Armour
  6003 | D:6      | Reached *** piety under Hepliaklqana
  6276 | D:6      | Noticed Grinder
  6287 | D:6      | Killed Grinder
  6288 | D:6      | Reached skill level 1 in Invocations
  6288 | D:6      | Reached XP level 10. HP: 48/48 MP: 16/17
  6370 | D:6      | Found a broken altar of Ashenzari.
  6776 | D:6      | Found a sacrificial altar of Ru.
  6881 | D:7      | Found a staircase to the Ecumenical Temple.
  7374 | D:7      | Reached skill level 5 in Invocations
  7471 | D:7      | Identified the +7 trident of the Vendetta {heavy, rF- rN+
                  | Will- Str+8}
  7653 | D:7      | Reached **** piety under Hepliaklqana
  7807 | D:7      | Found a faded altar of an unknown god.
  7807 | D:7      | Found an ornate altar of the Wu Jian Council.
  7815 | D:7      | Found a white marble altar of Elyvilon.
  7817 | D:7      | Found a snail-covered altar of Cheibriados.
  7819 | D:7      | Found an ancient bone altar of Kikubaaqudgha.
  8204 | D:8      | Found a bloodstained altar of Trog.
  8608 | D:8      | Found a staircase to the Lair.
  8940 | D:9      | Found a glowing silver altar of Zin.
  8941 | D:9      | Found an opulent altar of Gozag.
  9192 | D:9      | Reached XP level 11. HP: 55/55 MP: 16/18
  9763 | D:9      | Found Bextub's Firing Range.
  9787 | D:9      | Bought a throwing net for 33 gold pieces
  9787 | D:9      | Bought a throwing net for 33 gold pieces
  9787 | D:9      | Bought a throwing net for 33 gold pieces
  9930 | D:10     | Entered Level 10 of the Dungeon
 10089 | D:10     | Reached ***** piety under Hepliaklqana
 10439 | D:10     | Noticed a two-headed ogre
 10446 | D:10     | Killed a two-headed ogre
 10486 | D:10     | Reached skill level 5 in Fighting
 10520 | D:10     | Reached skill level 1 in Throwing
 10538 | D:10     | Noticed a two-headed ogre
 10543 | D:10     | Killed a two-headed ogre
 10620 | D:10     | Found a sparkling altar of Nemelex Xobeh.
 10633 | D:10     | Learned a level 2 spell: Wereblood
 10633 | D:10     | Found a shimmering altar of Xom.
 10828 | D:10     | Noticed a centaur warrior
 10834 | D:10     | Killed a centaur warrior
 10978 | Lair:1   | Entered Level 1 of the Lair of Beasts
 11116 | Lair:1   | Noticed a catoblepas
 11131 | Lair:1   | Killed a catoblepas
 11320 | Lair:1   | Reached skill level 5 in Armour
 11320 | Lair:1   | Reached skill level 5 in Transmutations
 11468 | Lair:1   | Noticed a catoblepas
 11475 | Lair:1   | Killed a catoblepas
 11476 | Lair:1   | Reached XP level 12. HP: 58/61 MP: 17/21
 11810 | Lair:2   | Reached skill level 5 in Evocations
 12027 | Lair:2   | Noticed a six-headed hydra
 12033 | Lair:2   | Killed a six-headed hydra
 12193 | Lair:2   | Found a staircase to the Shoals.
 12253 | Lair:2   | Noticed a boulder beetle
 12267 | Lair:2   | Killed a boulder beetle
 12316 | Lair:2   | Found a hole to the Spider Nest.
 12358 | Lair:2   | Reached skill level 11 in Earth Magic
 12672 | Lair:3   | Noticed a death yak
 12672 | Lair:3   | Noticed a death yak
 12672 | Lair:3   | Noticed a death yak
 12672 | Lair:3   | Noticed a skyshark
 12681 | Lair:2   | Killed a death yak
 12768 | Lair:3   | Noticed a catoblepas
 12781 | Lair:3   | Killed a catoblepas
 12882 | Lair:3   | Noticed a seven-headed hydra
 12904 | Lair:3   | Killed a seven-headed hydra
 12943 | Lair:3   | Killed a skyshark
 13021 | Lair:3   | Noticed a six-headed hydra
 13032 | Lair:3   | Reached XP level 13. HP: 68/68 MP: 14/23
 13303 | Lair:3   | Reached skill level 12 in Earth Magic
 13867 | Lair:4   | Learned a level 3 spell: Mephitic Cloud
 14142 | Lair:4   | Reached skill level 1 in Poison Magic
 14145 | Lair:4   | Reached skill level 1 in Air Magic
 14398 | Lair:4   | Found a runed translucent door.
 14399 | Lair:4   | Noticed an azure jelly
 14400 | Lair:4   | Noticed an azure jelly
 14783 | Lair:4   | Found a staircase to the Slime Pits.
 14955 | Lair:5   | Entered Level 5 of the Lair of Beasts
 15223 | Lair:5   | Gained mutation: Your large and strong wings let you fly.
                  | [Gargoyle growth]
 15223 | Lair:5   | Reached XP level 14. HP: 77/77 MP: 10/26
 15446 | Lair:5   | Reached skill level 10 in Fighting
 15736 | Lair:5   | Found the +9 staff of Wucad Mu {*channel}
 16133 | Lair:5   | Reached skill level 5 in Throwing
 16361 | Lair:5   | Reached ****** piety under Hepliaklqana
 16814 | D:11     | Found a staircase to the Orcish Mines.
 17113 | Orc:1    | Entered Level 1 of the Orcish Mines
 17193 | Orc:1    | Reached skill level 10 in Invocations
 17294 | Orc:1    | Found a transporter.
 17303 | Orc:1    | Noticed Firecrotchwizard's ghost (journeyman DjFE)
 17309 | Orc:1    | Found a transporter.
 17310 | Orc:1    | Noticed an orc warlord
 17318 | Orc:1    | Found a frozen archway.
 17339 | IceCv    | Entered an ice cave
 18415 | Orc:2    | Entered Level 2 of the Orcish Mines
 18415 | Orc:2    | Found a staircase to the Elven Halls.
 18427 | Orc:2    | Reached skill level 10 in Spellcasting
 18541 | Orc:2    | Paralysed by an orc sorcerer for 4 turns
 18754 | Orc:2    | Reached XP level 15. HP: 72/82 MP: 16/29
 18764 | Orc:2    | Found Woepson's Jewellery Shoppe.
 19044 | Orc:2    | Found Poipi's Antique Weapon Shop.
 19190 | Orc:2    | Found Doidweku's Jewellery Boutique.
 19223 | Orc:2    | Noticed an orc warlord
 19425 | Orc:2    | Found Tioz's Antique Armour Shoppe.
 19449 | Orc:2    | Reached skill level 5 in Poison Magic
 19458 | Orc:2    | Paralysed by an orc sorcerer for 3 turns
 19499 | Orc:2    | Found Miorephu's General Store.
 19507 | Orc:2    | Bought a potion of curing for 45 gold pieces
 19507 | Orc:2    | Bought a potion of haste for 150 gold pieces
 19507 | Orc:2    | Bought a potion of attraction for 45 gold pieces
 19507 | Orc:2    | Bought a scroll of identify for 30 gold pieces
 19507 | Orc:2    | Bought a scroll of identify for 30 gold pieces
 19527 | Orc:2    | Killed an orc warlord
 19696 | Orc:2    | Bought a glowing ring mail for 210 gold pieces
 19942 | Orc:2    | Bought a ring of willpower for 325 gold pieces
 20023 | D:12     | Found a portal to a secret trove of treasure.
 20316 | D:12     | Reached skill level 5 in Dodging
 20615 | D:12     | Found Variez's Antique Weapon Boutique.
 21934 | D:14     | Found a broken altar of Ashenzari.
 22137 | D:14     | Found a gate to the Vaults.
 22191 | D:14     | Reached skill level 10 in Armour
 22428 | D:15     | Entered Level 15 of the Dungeon
 22681 | D:15     | Learned a level 6 spell: Iron Shot
 22858 | D:15     | Noticed Nessos
 23271 | D:15     | Found a staircase to the Depths.
 23432 | D:15     | Killed Nessos
 23701 | Spider:1 | Entered Level 1 of the Spider Nest
 23885 | Spider:1 | Reached XP level 16. HP: 82/88 MP: 29/30
 25591 | Spider:2 | Reached skill level 1 in Short Blades
 25677 | Spider:2 | Identified the +3 broad axe "Wyejuf" {freeze, +Blink rF-
                  | Dex-3 Stlth+}
 26456 | Spider:3 | Noticed Arachne
 26474 | Spider:3 | Killed Arachne
 27916 | Spider:3 | Reached skill level 13 in Earth Magic
 28061 | Spider:4 | Entered Level 4 of the Spider Nest
 28860 | Spider:4 | Reached XP level 17. HP: 93/93 MP: 31/31
 29490 | Spider:4 | Reached skill level 10 in Conjurations
 29581 | Spider:4 | Identified a scroll of acquirement
 29582 | Spider:4 | Acquired a staff of earth
 30799 | Spider:4 | Reached skill level 14 in Earth Magic
 30933 | Spider:4 | Reached skill level 10 in Stealth
 31338 | Spider:4 | Got a gossamer rune of Zot
 31618 | Shoals:1 | Entered Level 1 of the Shoals
 31815 | Shoals:1 | You are sucked into a shaft and drop 1 floor!
 31815 | Shoals:2 | Noticed Nikola
 31833 | Shoals:1 | Found Goito's Assorted Antiques.
 31981 | Shoals:1 | Bought a viscous blue potion for 28 gold pieces
 31993 | Shoals:1 | Bought a scroll of identify for 64 gold pieces
 32003 | Shoals:1 | Learned a level 5 spell: Yara's Violent Unravelling
 32404 | Shoals:1 | Reached skill level 5 in Short Blades
 33263 | Shoals:2 | Reached XP level 18. HP: 100/100 MP: 21/32
 33279 | Shoals:2 | Killed Nikola
 35214 | Shoals:4 | Entered Level 4 of the Shoals
 35425 | Shoals:4 | Reached skill level 15 in Earth Magic
 35881 | Shoals:4 | Identified the amulet of Uraja {Spirit rC- Str+4 Dex+4
                  | SInv}
 35929 | Shoals:4 | Killed from afar by a merfolk aquamancer

Illustrated notes

Levels and vault maps discovered:
D:1:      ebering_trefoil_3fold, layout_basic
D:2:      layout_rooms, hellmonk_ecumenical_altar_zigzags, serial_corexii_hall,
          chequers_hall_statues_y, chequers_hall_statues_corner_a,
          amcnicky_mini_pool_small
D:3:      layout_loops_ring, mainiacjoe_overflow_alcove_2, led_sif_book,
          serial_shops, shop_fountains, uniq_crazy_yiuf_cottage, uniq_terence
D:4:      black_bear_nest_1, layout_layer_cave, dilly_guarded_unrand_devastator,
          uniq_pikel, uniq_menkaure
D:5:      layout_basic, kennysheep_small_circle
D:6:      layout_loops_ring, mainiacjoe_overflow_paths, general_overflow_altar,
          uniq_grinder
D:7:      layout_cave_pools, chequers_temple_overflow_minitemple,
          minmay_temple_entry_junction_2, minmay_increasing_density
D:8:      layout_rooms, trog_hazing_becter, lair_entry_dummy,
          columned_hall_lemuel
D:9:      layout_roguey, grunt_temple_overflow_gold_and_silver,
          nicolae_shop_firing_range
D:10:     layout_small_grid, xom_confusion_cloud, lemuel_tele_altar
D:11:     layout_rooms, orc_0_dummy
D:12:     layout_roguey, nicolae_trove_entry_crossroad, serial_shops, shop,
          hangedman_fish_farm
D:13:     layout_loops_cross
D:14:     layout_gridville, ximxim_vaults_locker_room,
          nicolae_ashenzari_panopticon, minmay_variable_closet
D:15:     gammafunk_enter_depths_forms, layout_rooms, nicolae_twisting_strands,
          uniq_nessos
Lair:1:   layout_concentric_octagons
Lair:2:   layout_gridlike, nicolae_shoals_entry_flooding,
          nicolae_spider_entry_non_spiders
Lair:3:   layout_misc_corridors, grunt_megastairs_1, serial_bayou_shore_b
Lair:4:   layout_roguey, slime_entry_2
Lair:5:   minmay_lair_end_frog_pond, layout_cellular_growth,
          infiniplex_staircase_pool_2
Shoals:1: layout_shoals, serial_shops, shop
Shoals:2: layout_shoals, uniq_nikola
Shoals:3: layout_shoals
Shoals:4: shoals_end_hangedman, layout_shoals, nicolae_shoals_circle_sea_wall
Spider:1: layout_chambers
Spider:2: layout_spider_delve
Spider:3: layout_spider_delve, einodemon_crawler_minivault,
          hangedman_spider_tarantella_strand, uniq_arachne
Spider:4: hellmonk_spider_rune_endless_swarm, hellmonk_test_site
Orc:1:    layout_caves, basic_altar, portal_ice_cave_entry_pillars_1,
          gammafunk_ghost_arena
Orc:2:    grunt_orc_gardens, layout_diamond_mine, grunt_orc_garden,
          grunt_orc_garden, grunt_orc_garden, grunt_orc_garden, serial_shops,
          shop

Skill      XL: |  1  2  3  4  5  6  7  8  9 10 11 12 13 14 15 16 17 18 |
---------------+-------------------------------------------------------+-----
Earth Magic    | 4 5 6 7 8 10 11 12 13 14 15 | 15.4
Spellcasting   | 3 4 5 6 7 8 10 | 10.0
Transmutations | 1 2 3 4 5 6 7 |  7.0
Conjurations   | 2 3 4 6 7 8 9 12 13 | 13.4
Evocations     | 2 3 4 5 8 |  8.0
Stealth        | 4 5 6 7 8 11 | 11.0
Fighting       | 2 4 5 6 9 10 11 12 | 12.0
Maces & Flails | 2 |  2.0
Armour         | 2 3 5 6 8 10 | 10.0
Dodging        | 2 3 4 5 6 |  6.0
Invocations    | 1 6 7 8 10 11 12 | 12.0
Throwing       | 2 3 6 |  6.0
Poison Magic   | 4 5 |  5.0
Air Magic      | 3 |  3.0
Short Blades   | 4 6 |  6.0

Action                     |  1- 3 |  4- 6 |  7- 9 | 10-12 | 13-15 | 16-18 || total
---------------------------+-------+-------+-------+-------+-------+-------++-------
  Melee: Dagger            |    13 |       |       |       |       |    12 ||    25
         Unarmed           |     1 |       |       |       |       |       ||     1
         Shillelagh        |       |       |     8 |    12 |    11 |       ||    31
         Staff             |       |       |       |       |    12 |    16 ||    28
         Punch             |       |       |       |       |     1 |       ||     1
  Throw: Dart              |       |       |       |     7 |     2 |   225 ||   234
         Throwing net      |       |       |       |       |       |     4 ||     4
   Cast: Sandblast         |    49 |    51 |    33 |   126 |    34 |       ||   293
         Stone Arrow       |       |     3 |    54 |   251 |   771 |   788 ||  1867
         Mephitic Cloud    |       |       |       |       |    22 |    21 ||    43
         Petrify           |       |       |       |       |     5 |     4 ||     9
         Iron Shot         |       |       |       |       |       |    11 ||    11
 Invoke: Ancestor Identity |     1 |       |       |       |       |       ||     1
         Recall Ancestor   |       |     1 |     1 |     2 |     4 |    14 ||    22
         Ancestor Life: Kn |       |     1 |       |       |       |       ||     1
         Idealise          |       |       |       |     2 |     1 |     3 ||     6
         Transference      |       |       |       |       |     3 |     2 ||     5
  Evoke: Wand              |       |       |       |     1 |     2 |     4 ||     7
         Phantom mirror    |       |       |       |       |       |     1 ||     1
         Condenser vane    |       |       |       |       |       |     2 ||     2
         Phial of floods   |       |       |       |       |       |     1 ||     1
    Use: Scroll            |       |       |       |    11 |     9 |    16 ||    36
         Potion            |       |       |       |       |       |     3 ||     3
   Stab: Sleeping          |     1 |       |       |       |       |     1 ||     2
         Distracted        |       |       |       |       |       |     1 ||     1
         Invisible         |       |       |       |       |       |     1 ||     1
         Held in net/web   |       |       |       |       |       |     1 ||     1
 Armour: Robe              |     9 |     1 |       |       |       |       ||    10
         Leather armour    |       |       |     1 |     1 |    17 |       ||    19
         Steam dragon scal |       |       |       |    31 |       |       ||    31
         Acid dragon scale |       |       |       |    34 |   119 |       ||   153
         Ring mail         |       |       |       |       |    35 |   419 ||   454
  Dodge: Dodged            |    17 |       |    10 |   129 |   209 |   497 ||   862

Table legend: (Time is in decaauts)
 A = Elapsed time spent in this place.
 B = Non-inter-level travel time spent in this place.
 C = Inter-level travel time spent in this place.
 D = Time resting spent in this place.
 E = Time spent auto-exploring this place.
 F = Levels seen in this place.
 G = Mean time per level.
                   A        B        C        D        E       F      G
               +--------+--------+--------+--------+--------+-----+--------+
         Total |  36057 |  33636 |   2421 |   1028 |  25709 |  31 | 1163.1 |
       Dungeon |  15534 |  14409 |   1125 |    127 |  11915 |  15 | 1035.6 |
          Lair |   5946 |   5471 |    475 |    154 |   4105 |   5 | 1189.2 |
        Shoals |   4166 |   3929 |    237 |     42 |   2962 |   4 | 1041.5 |
   Spider Nest |   7701 |   7306 |    395 |    505 |   5293 |   4 | 1925.2 |
  Orcish Mines |   2077 |   1889 |    188 |     62 |   1208 |   2 | 1038.5 |
      Ice Cave |    630 |    630 |      0 |    138 |    226 |   1 |  630.0 |
               +--------+--------+--------+--------+--------+-----+--------+

Top non-repeatable levels by time:
Spider:3: 2828 daAuts
Spider:4: 2251 daAuts
     D:4: 1706 daAuts
  Lair:5: 1595 daAuts
Shoals:1: 1520 daAuts
Spider:1: 1375 daAuts
  Lair:2: 1266 daAuts
Spider:2: 1245 daAuts
     D:7: 1233 daAuts
     D:3: 1228 daAuts
     D:5: 1208 daAuts
  Lair:4: 1192 daAuts
     D:9: 1160 daAuts
    D:10: 1149 daAuts
  Lair:3: 1141 daAuts
